 Dungeon Crawl Stone Soup version 0.23.0 (webtiles) character file.

Game seed: 18387408851917817592

1278 Laan the Chopper (level 8, 0/51 HPs)
             Began as a Gargoyle Fighter on Feb 10, 2019.
             Slain by an orc warrior
             ... wielding a +0 halberd
              (15 damage)
             ... on level 6 of the Dungeon.
             The game lasted 00:06:32 (4765 turns).

Laan the Chopper (Gargoyle Fighter)                 Turns: 4765, Time: 00:06:33

Health: 0/51       AC: 19    Str: 22    XL:     8   Next: 54%
Magic:  8/8        EV:  4    Int:  9    God:
Gold:   219        SH: 10    Dex:  9    Spells: 7/7 levels left

rFire    . . .     SeeInvis .   a - +0 war axe
rCold    . . .     Gourm    .   c - +0 shield
rNeg     + . .     Faith    .   b - +0 plate armour
rPois    ∞         Spirit   .   e - +0 helmet
rElec    +         Reflect  .   (no cloak)
rCorr    .         Harm     .   (no gloves)
MR       .....                  (no boots)
Stlth    ..........             (no amulet)
HPRegen  0.17/turn              (no ring)
MPRegen  0.11/turn              (no ring)

@: no status effects
A: negative energy resistance 1, electricity resistance, unbreathing,
petrification resistance, rot immunity, AC +5
a: no special abilities


You were on level 6 of the Dungeon.
You were not hungry.

You visited 1 branch of the dungeon, and saw 6 of its levels.

You collected 219 gold pieces.

Inventory:

Hand Weapons
 a - a +0 war axe (weapon)
Missiles
 o - 2 javelins (quivered)
Armour
 b - a +0 plate armour (worn)
 c - a +0 shield (worn)
 e - a +0 helmet (worn)
Wands
 B - a wand of enslavement (11)
 C - a wand of acid (7)
Scrolls
 j - 3 scrolls of magic mapping {unknown}
 l - 2 scrolls of identify {unknown}
 m - 2 scrolls of blinking {unknown}
 n - 2 scrolls of fear {unknown}
 q - 5 scrolls of teleportation {unknown}
 r - a scroll of enchant weapon {unknown}
 t - a scroll of enchant armour {unknown}
 u - a scroll of immolation {unknown}
 v - 3 scrolls of remove curse {unknown}
 y - 2 scrolls of amnesia {unknown}
Potions
 d - a potion of might
 g - 2 potions of degeneration {unknown}
 h - 6 potions of curing {unknown}
 i - a potion of heal wounds {unknown}
 k - a potion of ambrosia {unknown}
 p - 2 potions of flight {unknown}
 s - a potion of cancellation {unknown}
 w - a potion of lignification {unknown}
 x - a potion of brilliance {unknown}
 A - a potion of magic {unknown}
 D - a potion of resistance {unknown}
Comestibles
 f - 5 rations
 z - 8 chunks of flesh


   Skills:
 + Level 5.9 Fighting
 * Level 6.0 Axes
 + Level 5.8 Armour
 + Level 5.9 Shields


You had 7 spell levels left.
You didn't know any spells.
Your spell library was empty.

Dungeon Overview and Level Annotations

Branches:
Dungeon (6/15)
 Temple: D:4-7

Altars:
Dithmenos
Hepliaklqana
Nemelex Xobeh
Trog
Xom

Shops:
D:4 }   D:5 (


Innate Abilities, Weirdness & Mutations

You are resistant to torment.
Your stone body is resilient. (AC +5)
You are immune to poison.
You resist negative energy. (rN+)
You are resistant to electric shocks. (rElec)
You can survive without breathing.
You are immune to petrification.
You are immune to rotting.


Message History

You hit the orc warrior.
The orc warrior is moderately wounded.
The orc warrior hits you with a +0 halberd.
You hit the orc warrior but do no damage.
The orc warrior is moderately wounded.
You block the orc warrior's attack.
You closely miss the orc warrior.
The orc warrior is moderately wounded.
The orc warrior hits you with a +0 halberd.
* * * LOW HITPOINT WARNING * * *
You hit the orc warrior.
The orc warrior is moderately wounded.
You block the orc warrior's attack.
You closely miss the orc warrior.
The orc warrior is moderately wounded.
The orc warrior barely misses you.
You hit the orc warrior.
The orc warrior is heavily wounded.
The orc warrior hits you with a +0 halberd!
You die...

####### ##### #.....# #...#
###.....####...# .
).......##.....######## ..
#.....##........#...
..####.....##...o..###.####..
..........[['...@.........'..
.........####...)#.###.####..
###(....# ####.#... .#
#......# #[####### #..o.###
#<# ###....# ### ..$..o.#
###..o.# .........


You could see an orc warrior.

Vanquished Creatures
  An orc warrior (D:5)
  3 ice beasts (D:5)
  A phantom (D:5)
  An ogre (D:5)
  A bullfrog (D:6)
  2 crimson imps
  A jelly (D:5)
  5 orc priests
  5 orc wizards
  A worker ant (D:4)
  8 gnolls
  5 adders
  2 oozes (D:2)
  An adder zombie (D:5)
  3 worms
  3 dart slugs
  5 leopard geckos
  26 orcs
  A ball python (D:2)
  8 bats
  4 giant cockroaches
  5 goblins (D:2)
  6 hobgoblins
  4 jackals (D:4)
  2 quokkas
  4 frilled lizards
  6 kobolds
  8 rats
122 creatures vanquished.

Notes
Turn   | Place    | Note
-------+----------+-------------------------------------------
     0 | D:1      | Laan the Gargoyle Fighter began the quest for the Orb.
     0 | D:1      | Reached XP level 1. HP: 14/14 MP: 1/1
    14 | D:1      | Reached skill level 2 in Axes
    22 | D:1      | Reached XP level 2. HP: 15/19 MP: 2/2
   246 | D:1      | Reached XP level 3. HP: 23/23 MP: 3/3
   479 | D:2      | Found a sparkling altar of Nemelex Xobeh.
   664 | D:2      | Reached XP level 4. HP: 29/29 MP: 4/4
   800 | D:2      | Found a bloodstained altar of Trog.
  1584 | D:3      | Reached skill level 3 in Axes
  1821 | D:3      | Reached XP level 5. HP: 19/33 MP: 5/5
  2266 | D:3      | Reached XP level 6. HP: 35/38 MP: 6/6
  2363 | D:4      | Reached skill level 4 in Axes
  2393 | D:4      | Found Oviuram's Gadget Boutique.
  2702 | D:5      | Entered Level 5 of the Dungeon
  2725 | D:5      | Reached XP level 7. HP: 39/44 MP: 7/7
  2794 | D:5      | Reached skill level 5 in Fighting
  2794 | D:5      | Reached skill level 5 in Armour
  2794 | D:5      | Reached skill level 5 in Shields
  2994 | D:5      | Found a hazy altar of Hepliaklqana.
  2997 | D:5      | Found a shimmering altar of Xom.
  3000 | D:5      | Found a shadowy altar of Dithmenos.
  3024 | D:5      | Reached skill level 5 in Axes
  3167 | D:5      | Reached XP level 8. HP: 27/50 MP: 8/8
  3297 | D:5      | Found Okhiroes's Weapon Shop.
  4531 | D:6      | Reached skill level 6 in Axes
  4765 | D:6      | Slain by an orc warrior

Skill      XL: |  1  2  3  4  5  6  7  8 |
---------------+-------------------------+-----
Axes           | 2 3 4 5 6 |  6.0
Shields        | 4 5 |  5.9
Fighting       | 4 5 |  5.9
Armour         | 4 5 |  5.8

Action                   |  1- 3 |  4- 6 |  7- 9 || total
-------------------------+-------+-------+-------++-------
Melee: War axe           |   119 |   215 |   209 ||   543
  Eat: Chunk             |       |     6 |     4 ||    10
       Ration            |       |       |     1 ||     1
Armor: Scale mail        |    88 |   152 |     8 ||   248
       Chain mail        |       |       |    58 ||    58
       Plate armour      |       |       |    46 ||    46
Dodge: Dodged            |    60 |    94 |    38 ||   192
Block: Shield            |    72 |   129 |    96 ||   297
